 Dungeon Crawl Stone Soup version 0.21-a0-529-g8c7b3f5 (webtiles) character file.

244 Nirn the Chopper (level 5, 0/43 HPs)
             Began as a Demonspawn Fighter on Dec 9, 2017.
             Slain by Nirn's ghost (4 damage)
             ... on level 4 of the Dungeon.
             The game lasted 00:10:36 (3834 turns).

Nirn the Chopper (Demonspawn Fighter)               Turns: 3834, Time: 00:10:37

Health: 0/43       AC: 10    Str: 17    XL:     5   Next: 83%
Magic:  5/5        EV:  6    Int:  9    God:
Gold:   177        SH:  8    Dex: 13    Spells: 4/4 levels left

rFire    . . .     SeeInvis .   a - +1 war axe
rCold    . . .     Gourm    .   c - +0 shield
rNeg     . . .     Faith    .   b - +0 scale mail
rPois    .         Spirit   .   q - +1 helmet
rElec    .         Reflect  .   (no cloak)
rCorr    .         Harm     .   (no gloves)
MR       .....                  (no boots)
Stlth    ..........             (no amulet)
HPRegen  0.14/turn              (no ring)
MPRegen  0.09/turn              (no ring)

@: no status effects
A: rugged brown scales 2, spiny 1
a: no special abilities


You were on level 4 of the Dungeon.
You were hungry.

You visited 1 branch of the dungeon, and saw 4 of its levels.

You collected 177 gold pieces.

Inventory:

Hand Weapons
 a - a +1 war axe (weapon)
 n - a +0 battleaxe
Armour
 b - a +0 scale mail (worn)
 c - a +0 shield (worn)
 q - a +1 helmet (worn)
Jewellery
 k - a cursed ring of teleportation {unknown}
 u - a +3 ring of dexterity {unknown}
Wands
 z - a wand of digging (12)
Scrolls
 e - 2 scrolls of fog {unknown}
 g - 3 scrolls of remove curse
 h - 2 scrolls of enchant weapon
 j - a scroll of magic mapping
 l - a scroll of amnesia
 p - 4 scrolls of identify {unknown}
 x - 2 scrolls of enchant armour {unknown}
 y - a scroll of fear {unknown}
 B - a scroll of teleportation
 E - a scroll of blinking {unknown}
Potions
 d - 2 potions of might
 m - a potion of berserk rage {unknown}
 r - 2 potions of curing {unknown}
 s - 2 potions of degeneration {unknown}
 t - a potion of heal wounds {unknown}
 v - a potion of invisibility {unknown}
 w - a potion of agility {unknown}
 A - 2 potions of haste {unknown}
 C - a potion of brilliance {unknown}
 D - a potion of lignification {unknown}
Comestibles
 f - 4 bread rations
 i - 2 royal jellies
 o - 3 meat rations


   Skills:
 - Level 3.0 Fighting
 + Level 5.6 Axes
 - Level 2.6 Armour
 - Level 2.6 Shields


You had 4 spell levels left.
You didn't know any spells.

Dungeon Overview and Level Annotations

Branches:
Dungeon (4/15)
 Temple: D:4-7

Altars:
Dithmenos
Okawaru
Yredelemnul

Annotations:
D:4 Nirn's ghost, amateur DsGl


Innate Abilities, Weirdness & Mutations

You are mostly covered in rugged brown scales. (AC +2, +5% HP)
You are partially covered in sharp spines.


Message History

Nirn's ghost is moderately damaged.
Nirn's ghost hits you but does no damage.
You block Nirn's ghost's attack.
You hit Nirn's ghost.
Nirn's ghost is heavily damaged.
Nirn's ghost is struck by your spines. Nirn's ghost barely misses you.
You hit Nirn's ghost but do no damage.
Nirn's ghost is heavily damaged.
Nirn's ghost hits you.
You hit Nirn's ghost.
Nirn's ghost is heavily damaged.
Nirn's ghost hits you!
* * * LOW HITPOINT WARNING * * *
Nirn's ghost barely misses you.
You closely miss Nirn's ghost.
Nirn's ghost is heavily damaged.
Nirn's ghost hits you!
* * * LOW HITPOINT WARNING * * *
Nirn's ghost hits you.
You die...

#............≈#§#§## #...#
#####.........+_'..###...###
#........≈#+#≈...'......
#........≈≈.≈≈####...###
#.#............. #...'..
#..........####. #...###
#.............#+##'#####
#..........#...........#
#......@W..#...........#
#..........#....W......#
#.#'#.....##...........#
#.#.#########.#'##......
#.#.# #.#.######.. #.#.#
#.#'# .. ###+#.########.....
.# #.................. ..
##....#########


You could see Nirn's ghost.

Vanquished Creatures
  2 human zombies (D:4)
  An orc wizard (D:3)
  2 worker ants (D:4)
  3 adders
  An ooze (D:3)
  A dart slug (D:3)
  2 leopard geckos
  4 orcs (D:3)
  A ball python (D:3)
  2 giant cockroaches
  10 goblins
  9 hobgoblins
  6 jackals
  7 kobolds
  2 quokkas
  5 bats
  6 frilled lizards
  A jackal skeleton (D:4)
  A jackal zombie (D:4)
  A kobold zombie (D:4)
  A leopard gecko skeleton (D:4)
  5 rats
73 creatures vanquished.

Vanquished Creatures (others)
  A hound (D:4)
  An iguana (D:4)
2 creatures vanquished.

Grand Total: 75 creatures vanquished

Notes
Turn   | Place    | Note
-------+----------+-------------------------------------------
     0 | D:1      | Nirn the Demonspawn Fighter began the quest for the Orb.
     0 | D:1      | Reached XP level 1. HP: 18/18 MP: 1/1
    26 | D:1      | Reached skill level 2 in Axes
   237 | D:1      | Gained mutation: You are partially covered in sharp spines. [demonic ancestry]
   237 | D:1      | Reached XP level 2. HP: 18/24 MP: 2/2
   568 | D:1      | Reached skill level 3 in Axes
  1071 | D:2      | Reached XP level 3. HP: 29/29 MP: 3/3
  1841 | D:3      | Found a shadowy altar of Dithmenos.
  1853 | D:3      | Gained mutation: You are partially covered in rugged brown scales. (AC +1, +3% HP) [demonic ancestry]
  1853 | D:3      | Reached XP level 4. HP: 26/36 MP: 4/4
  1944 | D:3      | Reached skill level 4 in Axes
  2530 | D:4      | Noticed a human
  2531 | D:4      | Found a runed door.
  2540 | D:4      | Gained mutation: You are mostly covered in rugged brown scales. (AC +2, +5% HP) [demonic ancestry]
  2540 | D:4      | Reached XP level 5. HP: 25/43 MP: 5/5
  2632 | D:4      | Reached skill level 5 in Axes
  2646 | D:4      | Found a basalt altar of Yredelemnul.
  2889 | D:4      | Noticed Nirn's ghost (amateur DsGl)
  3775 | D:4      | Found an iron altar of Okawaru.
  3834 | D:4      | Slain by Nirn's ghost

Vault maps used:
D:1:      lightli_arrival_quake, minmay_pentomino_u2
D:2:      hangedman_decor_diamond_cutter
D:3:      kennysheep_flooded_box, nicolae_dithmenos_shadow_blocks
D:4:      kennysheep_mini, kennysheep_mini_moat, first_bread,
          minmay_misc_feat_columns, dk_yredelemnul_ordeal

Skill      XL: |  1  2  3  4  5 |
---------------+----------------+-----
Axes           | 2 3 4 5 |  5.6
Fighting       | |  3.0
Armour         | |  2.6
Shields        | |  2.6

Action                   |  1- 3 |  4- 6 || total
-------------------------+-------+-------++-------
Melee: War axe           |    80 |   140 ||   220
  Use: Scroll            |     6 |       ||     6
  Eat: Chunk             |     3 |     4 ||     7
       Royal jelly       |       |     1 ||     1
Armor: Scale mail        |    34 |    60 ||    94
Dodge: Dodged            |    19 |    27 ||    46
Block: Shield            |    40 |    45 ||    85

Table legend:
 A = Spawn XP
 B = Non-spawn XP
 C = Spawn XP percentage of total XP
 D = Spawn monster count
 E = Non-spawn monster count
 F = Spawn count percentage of total count
 G = Total turns spent on level
                    A         B        C        D         E        F      G
               +---------+---------+-------+---------+---------+-------+---------
         Total |       0 |     349 |   0.0 |       0 |      73 |   0.0 |  3834
               +---------+---------+-------+---------+---------+-------+---------
           D:1 |       0 |      37 |   0.0 |       0 |      22 |   0.0 |   933
           D:2 |       0 |      36 |   0.0 |       0 |      14 |   0.0 |   894
           D:3 |       0 |     106 |   0.0 |       0 |      25 |   0.0 |   993
           D:4 |       0 |     170 |   0.0 |       0 |      12 |   0.0 |  1014
               +---------+---------+-------+---------+---------+-------+---------
